 Dungeon Crawl Stone Soup version 0.31-a0-150-g89dc3ad700 (webtiles) character file.

Game seed: 17767833443660218478

114 qw the Shooter (level 4, 0/28 HPs)
             Began as a Gargoyle Hunter on June 8, 2023.
             Slain by an ogre
             ... wielding a +0 giant spiked club
              (22 damage)
             ... on level 3 of the Dungeon.
             The game lasted 00:00:45 (1524 turns).

qw the Shooter (Gargoyle Hunter)                    Turns: 1524, Time: 00:00:45

Health: 0/28       AC:  8    Str: 14    XL:     4   Next: 98%
Magic:  4/4        EV: 10    Int: 10    God:
Gold:   153        SH:  0    Dex: 15    Spells: 3/3 levels left

rFire   . . .        Y - +0 shortbow
rCold   . . .        (shield currently unavailable)
rNeg    + . .        f - +0 ring mail
rPois   inf          (no helmet)
rElec   +            (no cloak)
rCorr   .            (no gloves)
SInv    .            (no boots)
Will    +....        (no amulet)
Stlth   +            b - ring of willpower
HPRegen 0.24/turn    (no ring)
MPRegen 0.09/turn

%: no passive effects
@: no status effects
A: sickness immunity, AC +3, negative energy resistance 1, electricity
resistance, torment resistance 1, petrification resistance
a: no special abilities


You were on level 3 of the Dungeon.
You visited 1 branch of the dungeon, and saw 3 of its levels.

You collected 153 gold pieces.


Innate Abilities, Weirdness & Mutations

You are immune to sickness and miasma.
Your stone body is resilient. (AC +3)
You are immune to poison.
You resist negative energy. (rN+)
You are resistant to electric shocks. (rElec)
You are resistant to unholy torment.
You are immune to petrification.


   Skills:
 - Level 3.1 Fighting
 + Level 5.6 Ranged Weapons
 - Level 1.1 Armour
 - Level 1.5 Dodging
 - Level 1.1 Stealth


You had 3 spell levels left.
You didn't know any spells.
Your spell library was empty.

Inventory:

Hand Weapons
 Y - a +0 shortbow (weapon)
Armour
 f - a +0 ring mail (worn)
Jewellery
 a - a +6 ring of intelligence
 b - a ring of willpower (left hand)
 d - a +5 ring of evasion
Scrolls
 c - a scroll of teleportation {unknown}
 g - a scroll of poison {unknown}
 h - a scroll of torment {unknown}
 j - a scroll of identify
Potions
 e - a potion of enlightenment {unknown}
 i - a potion of curing
 k - a potion of might {unknown}

Dungeon Overview and Level Annotations

Branches:
Dungeon (3/15)

Altars:
Elyvilon

Shops:
D:1 ![


Message History

Enter note:
Enter note: An ogre comes into view. It is wielding a +0 giant spiked club.
Enter note:
Enter note: You shoot an arrow.
The ogre shouts!
The arrow hits the ogre.
The ogre is lightly wounded.
You shoot an arrow. The arrow hits the ogre.
The ogre is lightly wounded.
You shoot an arrow. The arrow hits the ogre.
The ogre is moderately wounded.
You shoot an arrow. The arrow hits the ogre!
The ogre is heavily wounded.
The ogre closely misses you.
You shoot an arrow.
The arrow hits the ogre but does no damage.
The ogre is heavily wounded.
You shoot an arrow. The arrow barely misses the ogre.
The ogre completely misses you.
You shoot an arrow. The arrow hits the ogre.
The ogre is severely wounded.
The ogre hits you with a +0 giant spiked club!
You shoot an arrow. The arrow hits the ogre.
The ogre is severely wounded.
The ogre completely misses you.
You shoot an arrow. The arrow hits the ogre.
The ogre is severely wounded.
The ogre misses you.
You shoot an arrow. The arrow hits the ogre.
The ogre is almost dead.
You shoot an arrow.
The arrow hits the ogre but does no damage.
The ogre is almost dead.
The ogre barely misses you.
You shoot an arrow. The arrow barely misses the ogre.
The ogre hits you with a +0 giant spiked club!!
Ouch! That really hurt!
You die...

#....##.# #......#### #....##.#
#....#....#
#....##.##########....####..
#######).................# ##.
#.......###....######....# #.
###.####### #.%..#####.....#####.
#...### #..............##....
......#######.<.O######....##.###
#####.......#...@### #.......#
#######........# ######.###
########.###......# #.....######
#######


You could see an ogre.

Vanquished Creatures
  Terence (D:2)
  3 adders
  2 worms
  A dart slug (D:2)
  6 bats
  An endoplasm (D:1)
  3 goblins
  4 hobgoblins
  8 jackals
  A quokka (D:3)
  10 ball pythons
  2 frilled lizards
  5 kobolds
  5 rats
52 creatures vanquished.

Notes
Turn   | Place    | Note
-------+----------+-------------------------------------------
     0 | D:1      | qw the Gargoyle Hunter began the quest for the Orb.
     0 | D:1      | Reached XP level 1. HP: 12/12 MP: 1/1
     0 | D:1      | 0 ||| qw: Version: 0.2-a-119-g7aa9181
     0 | D:1      | 0 ||| qw: Game counter: 2908
     0 | D:1      | 0 ||| qw: Always use a shield: true
     0 | D:1      | 0 ||| qw: God list: Okawaru
     0 | D:1      | 0 ||| qw: Allow faded altars: false
     0 | D:1      | 0 ||| qw: Do Orc after D:15 true
     0 | D:1      | 0 ||| qw: Do second Lair branch before Depths: true
     0 | D:1      | 0 ||| qw: Lair rune preference: random
     0 | D:1      | 0 ||| qw: Plans: Normal
     0 | D:1      | 0 ||| PLANNING D:1-11
   101 | D:1      | Reached XP level 2. HP: 17/17 MP: 2/2
   156 | D:1      | Found Buizidgh's Antique Armour Shop.
   168 | D:1      | Found Duddesop's Distillery.
   183 | D:1      | 183 ||| SHOPLISTING potion of curing (42 gold, have 30).
   183 | D:1      | 183 ||| SHOPLISTING potion of haste (140 gold, have 30).
   183 | D:1      | 183 ||| SHOPLISTING potion of heal wounds (70 gold, have
                  | 30).
   426 | D:1      | 426 ||| SHOPLISTING ring mail (124 gold, have 41).
   460 | D:1      | Reached XP level 3. HP: 21/21 MP: 3/3
   539 | D:1      | 539 ||| READING scroll labelled ORUIRH BELU.
   540 | D:1      | 540 ||| READING scroll labelled POASER KOUMATT.
   541 | D:1      | 541 ||| READING scroll labelled XAJYIL WUTOANE.
   542 | D:1      | 542 ||| READING 2 scrolls labelled TECZEO GEIHA.
   543 | D:1      | 543 ||| DRINKING 2 amethyst potions.
   544 | D:1      | 544 ||| DROPPING scroll of butterflies.
   570 | D:2      | Reached skill level 5 in Ranged Weapons
   833 | D:2      | Found a white marble altar of Elyvilon.
   945 | D:2      | Found a faded altar of an unknown god.
   958 | D:2      | Reached skill level 3 in Fighting
  1125 | D:2      | Noticed Terence
  1137 | D:2      | Killed Terence
  1138 | D:2      | Reached XP level 4. HP: 22/28 MP: 4/4
  1219 | D:2      | 1219 ||| UPGRADING to +0 ring mail.
  1229 | D:2      | 1229 ||| DROPPING +0 leather armour.
  1230 | D:2      | 1230 ||| UPGRADING to ring of willpower.
  1231 | D:2      | 1231 ||| READING scroll labelled FUCEADOBYTU.
  1232 | D:2      | 1232 ||| READING 2 scrolls of identify.
  1232 | D:2      | 1232 ||| IDENTIFYING sedimented emerald potion
  1233 | D:2      | 1233 ||| DROPPING potion of invisibility.
  1300 | D:3      | 1300 ||| FLEEEEING.
  1333 | D:3      | Reached skill level 1 in Armour
  1512 | D:3      | Noticed an ogre
  1524 | D:3      | Slain by an ogre

Levels and vault maps discovered:
D:1:      lemuel_arrival_river_ford, layout_basic, serial_shops, shop,
          nicolae_shop_peninsula, feat_on_display
D:2:      layout_loops_ring, hellmonk_ecumenical_altar_arch_garden, basic_altar,
          uniq_terence
D:3:      layout_rooms, amcnicky_mini_rare_corridor_liquid

Skill      XL: |  1  2  3  4 |
---------------+-------------+-----
Ranged Weapons | 5 |  5.6
Fighting       | 3 |  3.1
Armour         | 1 |  1.1
Dodging        | |  1.5
Stealth        | |  1.1

Action                     |  1- 3 |  4- 6 || total
---------------------------+-------+-------++-------
   Fire: Shortbow          |   126 |    54 ||   180
    Use: Scroll            |     4 |     2 ||     6
         Potion            |     1 |       ||     1
 Armour: Leather armour    |    26 |     2 ||    28
         Ring mail         |       |    10 ||    10
  Dodge: Dodged            |    29 |    11 ||    40

Table legend:
 A = Non-vault XP
 B = Vault XP
 C = Vault XP percentage of total XP
 D = Non-vault monster count
 E = Vault monster count
 F = Vault count percentage of total count
                 A         B        C        D         E       F
            +---------+---------+-------+---------+---------+-------
      Total |     126 |      38 |  23.2 |      51 |       1 |   1.9
            +---------+---------+-------+---------+---------+-------
        D:1 |      38 |       0 |   0.0 |      22 |       0 |   0.0
        D:2 |      42 |      38 |  47.5 |      16 |       1 |   5.9
        D:3 |      46 |       0 |   0.0 |      13 |       0 |   0.0
            +---------+---------+-------+---------+---------+-------
